 Seeded DCSS version 0.29.1-15-g9cfb28693d (webtiles) character file.

Game seed: 1 (custom seed)

7649 Kazon the Slasher (level 10, -8/86 HPs)
             Began as a White Draconian Fighter on Apr 18, 2023.
             Was an Elder of Okawaru.
             Killed from afar by a raiju (28 damage)
             ... with a living lightning
             ... on level 2 of the Abyss.
             The game lasted 00:41:10 (7722 turns).

Kazon the Slasher (White Draconian Fighter)         Turns: 7722, Time: 00:41:11

Health: -8/86      AC: 11    Str: 23    XL:     10   Next: 99%
Magic:  13/13      EV: 15    Int: 10    God:    Okawaru [****..]
Gold:   599        SH:  6    Dex: 16    Spells: 9/9 levels left

rFire   . . .      SeeInvis .   a - +5 long sword of the Land of Plenty {drain, Dex+3}
rCold   + + .      Faith    .   k - +0 buckler
rNeg    + . .      Spirit   .   (body armour unavailable)
rPois   .          Reflect  .   d - +1 hat "Paesh" {Harm Regen+ Str+4 Slay-2}
rElec   .          Harm     +   (no cloak)
rCorr   .          Rampage  .   (no gloves)
Will    .....                   l - +2 pair of boots
Stlth   +++.......              v - amulet of the acrobat
HPRegen 1.04/turn               r - ring of positive energy
MPRegen 0.13/turn               C - ring of protection from cold

@: no status effects
A: breathe frost, AC +7, unfitting armour, cold resistance 1, cold-blooded
a: Breathe Frost, Renounce Religion, Heroism, Finesse


You were on level 2 of the Abyss.
You worshipped Okawaru.
Okawaru was greatly pleased with you.
You visited 2 branches of the dungeon, and saw 11 of its levels.
You visited the Abyss 1 time.

You collected 641 gold pieces.
You spent 42 gold pieces at shops.

Inventory:

Hand Weapons
 a - the +5 long sword of the Land of Plenty (weapon) {drain, Dex+3}
   (You found it on level 10 of the Dungeon)

   A truly terrible weapon, it drains the life of any living foe it strikes.
   Dex:       It affects your dexterity (+3).
 e - a +2 dagger of venom
 s - a +1 long sword of protection
Missiles
 j - 8 stones
 n - 13 boomerangs (quivered)
 q - a throwing net
 A - 3 curare-tipped darts
 G - 7 poisoned darts
 N - 3 javelins
Armour
 d - the +1 hat "Paesh" (worn) {Harm Regen+ Str+4 Slay-2}
   (You acquired it on level 1 of the Dungeon)

   Str:       It affects your strength (+4).
   Slay:      It affects your accuracy & damage with ranged weapons and melee
   (-2).
   Regen:     It increases your rate of health regeneration.
   Harm:      It increases damage dealt and taken.
 k - a +0 buckler (worn)
 l - a +2 pair of boots (worn)
Jewellery
 r - a ring of positive energy (left hand)
 v - an amulet of the acrobat (around neck)
 C - a ring of protection from cold (right hand)
 L - a ring of protection from cold
Wands
 y - a wand of mindburst (19)
 z - a wand of flame (10)
 E - a wand of paralysis (13)
 I - a wand of roots (6)
Scrolls
 i - 11 scrolls of identify
 m - 2 scrolls of immolation {unknown}
 o - 3 scrolls of fog {unknown}
 p - a scroll of poison {unknown}
 t - 2 scrolls of noise {unknown}
 u - 3 scrolls of teleportation
 w - a scroll of magic mapping {unknown}
 D - 2 scrolls of enchant weapon {unknown}
 H - 3 scrolls of fear
 J - a scroll of summoning {unknown}
 O - a scroll of amnesia {unknown}
Potions
 b - 4 potions of berserk rage {unknown}
 c - 2 potions of might
 f - 2 potions of haste {unknown}
 g - 2 potions of flight
 h - 4 potions of attraction {unknown}
 x - 5 potions of lignification {unknown}
 B - 2 potions of cancellation
 F - 2 potions of curing
 M - a potion of ambrosia
Miscellaneous
 K - a condenser vane


   Skills:
 + Level 7.0 Fighting
 + Level 5.4(7.1) Short Blades
 + Level 7.1(8.0) Long Blades
 + Level 5.9 Throwing
 + Level 6.5 Dodging
 + Level 6.6 Stealth
 + Level 6.7 Shields
 * Level 4.5 Invocations
 * Level 4.5 Evocations


You had 9 spell levels left.
You didn't know any spells.
Your spell library contained the following spells:

 Spells                   Type           Power      Damage    Failure   Level
 Apportation              Tloc           0%         N/A       43%         1
 Magic Dart               Conj           0%         1d3       43%         1
 Necrotise                Necr           0%         1d4       43%         1
 Sting                    Tmut/Pois      0%         1d3       43%         1
 Poisonous Vapours        Pois/Air       0%         N/A       58%         2
 Mephitic Cloud           Conj/Pois/Air  0%         N/A       82%         3
 Ozocubu's Armour         Ice            0%         N/A       82%         3
 Olgreb's Toxic Radiance  Pois           0%         N/A       99%         4
 Fireball                 Conj/Fire      0%         3d3       100%        5
 Iskenderun's Battlesphe  Conj           0%         2d6       100%        5
 Metabolic Englaciation   Hex/Ice        0%         N/A       100%        5
 Conjure Ball Lightning   Conj/Air       0%         3x3d6     100%        6
 Orb of Destruction       Conj           0%         9d5       100%        7
 Summon Small Mammal      Summ           Unusable   N/A       N/A         1
 Call Imp                 Summ           Unusable   N/A       N/A         2
 Simulacrum               Ice/Necr       Unusable   N/A       N/A         6

Dungeon Overview and Level Annotations

Branches:
Dungeon (10/15)            Temple (1/1) D:7
   Lair: D:8-11         Orc: D:9-12

Altars:
Ashenzari
Dithmenos
Elyvilon
Gozag
Hepliaklqana
Makhleb
Nemelex Xobeh
Okawaru
Qazlal
Uskayaw
Xom

Shops:
D:3 (   D:8 ?(==

Annotations:
D:10 Erolcha


Innate Abilities, Weirdness & Mutations

You can breathe waves of freezing cold which knock back foes.
Your icy white scales are hard. (AC +7)
You cannot fit into any form of body armour.
Your flesh is cold resistant. (rC+)
You are cold-blooded and may be slowed by cold attacks.


Message History

Aim: a raiju (moderately wounded, 50% to hit)
You throw a boomerang.
The boomerang hits the raiju but does no damage.
The raiju is moderately wounded.
The raiju bursts into living lightning!
The living lightning hits you.
The raiju blinks! x2
The thrashing horror tramples you!
You hold your ground!
The thrashing horror completely misses you.
A raiju comes into view.
You closely miss the thrashing horror.
You tail-slap the thrashing horror, but do no damage.
The thrashing horror is almost destroyed.
The thrashing horror tramples you.
You hold your ground!
The thrashing horror closely misses you.
The raiju bursts into living lightning!
The living lightning misses you.
The raiju blinks!
The raiju bursts into living lightning!
The living lightning hits you!
The raiju blinks!
You hit the thrashing horror.
You tail-slap the thrashing horror, but do no damage.
The thrashing horror is almost destroyed.
The thrashing horror churns violently!
The thrashing horror seems to grow stronger.
A raiju comes into view.
The raiju bites you but does no damage.
You barely miss the raiju.
The raiju is moderately wounded.
The raiju barely misses you.
You slash the raiju! You drain the raiju.
You kill the raiju!
Okawaru accepts your kill.
You have got your breath back.
The raiju bursts into living lightning!
The living lightning hits the raiju.
The raiju completely resists.
The living lightning hits you!
* * * LOW HITPOINT WARNING * * *
The raiju blinks! x2
The raiju bursts into living lightning!
The living lightning hits you!!
You die...

# .# . . ..
.. . # #. .
# . '# . .
#.. #. ...
#......#...
. .. ... .
###. . .
#@# .... ..
.. . #h.'#
. . .. #
##..#.# .
#.. . #...#
. .. #.#
..###..## .
##....h #.
. #.#####ยง
. . #. #.#
.## # # #.
## #. # # #


You could see 2 raiju.

Vanquished Creatures
  A two-headed ogre (D:9)
  A large abomination (Abyss:2)
  Maggie (D:6)
  Prince Ribbit (D:9)
  A raiju (Abyss:2)
  A shadow (D:9)
  A vampire (D:10)
  A centaur simulacrum (Abyss:2)
  A yak (D:6)
  2 wyverns
  Eustachio (D:5)
  2 steam dragons
  Menkaure (D:5)
  Edmund (D:6)
  4 water moccasins
  4 orc warriors
  An ice beast (D:8)
  5 sky beasts
  2 black bears (D:6)
  4 centaurs
  An ogre (D:6)
  2 phantoms (D:6)
  2 kobold brigands
  3 necrophages
  A bullfrog (D:7)
  A gnoll sergeant (D:7)
  5 scorpions
  14 wights
  A howler monkey (D:5)
  2 jellies (D:6)
  A hound (D:4)
  7 orc priests
  A gnoll bouda (D:7)
  6 iguanas
  2 orc wizards
  Robin (D:3)
  15 gnolls
  13 adders
  3 shadow imps
  2 white imps (D:7)
  An ufetubus (D:5)
  3 worms
  33 orcs
  10 endoplasms
  A giant cockroach (D:1)
  16 goblins
  9 hobgoblins
  A jackal (D:4)
  17 kobolds
  2 quokkas
  5 ball pythons
  4 bats
  3 frilled lizards
  6 rats
230 creatures vanquished.

Notes
Turn   | Place    | Note
-------+----------+-------------------------------------------
     0 | D:1      | Kazon the Draconian Fighter began the quest for the Orb.
     0 | D:1      | Reached XP level 1. HP: 19/19 MP: 1/1
    48 | D:1      | Identified a scroll of acquirement
    48 | D:1      | Acquired the +1 hat "Paesh" {Harm Regen+ Str+4 Slay-2}
   153 | D:1      | Reached XP level 2. HP: 26/26 MP: 2/2
   748 | D:2      | Reached XP level 3. HP: 31/31 MP: 3/3
  1134 | D:2      | Reached skill level 1 in Stealth
  1156 | D:2      | Reached XP level 4. HP: 25/39 MP: 4/4
  1376 | D:3      | Found Umat's Antique Weapon Boutique.
  1565 | D:3      | Noticed Robin
  1582 | D:3      | Killed Robin
  1646 | D:3      | Reached skill level 1 in Throwing
  1646 | D:3      | Reached XP level 5. HP: 46/46 MP: 5/5
  1899 | D:3      | Reached skill level 5 in Fighting
  1899 | D:3      | Reached skill level 5 in Long Blades
  1899 | D:3      | Reached skill level 5 in Throwing
  1899 | D:3      | Reached skill level 5 in Dodging
  1899 | D:3      | Reached skill level 5 in Stealth
  1899 | D:3      | Reached skill level 5 in Shields
  1899 | D:3      | Reached XP level 6. HP: 57/57 MP: 6/6
  2520 | D:4      | Found a hazy altar of Hepliaklqana.
  2597 | D:4      | Your scales start taking on an icy white colour.
  2597 | D:4      | Reached XP level 7. HP: 62/62 MP: 7/7
  2597 | D:4      | Gained mutation: Your flesh is cold resistant. (rC+) [White
                  | Draconian growth]
  3026 | D:5      | Entered Level 5 of the Dungeon
  3051 | D:5      | Noticed Eustachio
  3079 | D:5      | Killed Eustachio
  3089 | D:5      | Reached skill level 1 in Evocations
  3168 | D:5      | Reached XP level 8. HP: 62/70 MP: 8/8
  3552 | D:5      | Noticed Menkaure
  3562 | D:5      | Killed Menkaure
  4051 | D:7      | Found a staircase to the Ecumenical Temple.
  4065 | Temple   | Entered the Ecumenical Temple
  4072 | Temple   | Became a worshipper of Warmaster Okawaru
  4162 | D:7      | Reached skill level 1 in Invocations
  4175 | D:7      | Found a hide-covered altar of Uskayaw.
  4283 | D:6      | Reached XP level 9. HP: 59/75 MP: 9/9
  4424 | D:6      | Reached * piety under Okawaru
  4639 | D:6      | Noticed Edmund
  4642 | D:6      | Killed Edmund
  4726 | D:6      | Reached skill level 5 in Short Blades
  4890 | D:6      | Reached ** piety under Okawaru
  5033 | D:6      | Noticed Maggie
  5077 | D:6      | Killed Maggie
  5200 | D:7      | Reached XP level 10. HP: 59/84 MP: 12/12
  5395 | D:7      | Reached *** piety under Okawaru
  5549 | D:7      | Found a white marble altar of Elyvilon.
  5732 | D:8      | Found Quzidd's Magic Scroll Emporium.
  5737 | D:8      | Bought a scroll of teleportation for 42 gold pieces
  5830 | D:8      | Found Esumer's Weapon Shop.
  6130 | D:8      | Found Heidghoki's Jewellery Shop.
  6298 | D:8      | Found Zoxtaeshakh's Jewellery Boutique.
  6948 | D:9      | Reached **** piety under Okawaru
  7043 | D:9      | Noticed a two-headed ogre
  7073 | D:10     | Entered Level 10 of the Dungeon
  7204 | D:10     | Identified the +5 long sword of the Land of Plenty {drain,
                  | Dex+3}
  7249 | D:9      | Killed a two-headed ogre
  7249 | D:9      | Received a gift from Okawaru
  7356 | D:9      | Noticed Prince Ribbit
  7381 | D:9      | Killed Prince Ribbit
  7586 | D:10     | Noticed Erolcha
  7587 | Abyss:2  | Cast into level 2 of the Abyss (Erolcha)
  7654 | Abyss:2  | Noticed a large abomination
  7668 | Abyss:2  | Killed a large abomination
  7708 | Abyss:2  | Noticed a thrashing horror
  7722 | Abyss:2  | Killed from afar by a raiju

Illustrated notes

Levels and vault maps discovered:
D:1:      dpeg_arrival_three_smaller_balls, layout_basic
D:2:      layout_loops_ring
D:3:      layout_basic, serial_shops, nicolae_shop_stone, st_stairs_9,
          minmay_misc_feat_doors, eino_curves_03, uniq_robin
D:4:      minmay_wonky_spiral, layout_basic,
          mainiacjoe_overflow_surrounded_room, minivault_5
D:5:      layout_cave_pods, uniq_menkaure, uniq_eustachio
D:6:      cheibrodos_barr_body, layout_basic, minmay_crystal_room,
          minmay_pentangle, uniq_maggie, uniq_edmund
D:7:      layout_cave_pools, nicolae_uskayaw_murder_on_the_dancefloor,
          elyvilon_altar_4, minmay_temple_entry_purple_smoke
D:8:      layout_basic, serial_shops, shop_statue, kennysheep_little_box, shop,
          nicolae_shop_window_shopping
D:9:      layout_cave_pools, uniq_prince_ribbit1
D:10:     layout_stronghold, erik_lair_island, serial_shops,
          nicolae_shop_statue_plus, uniq_erolcha
Temple:   nicolae_temple_bog_church
Abyss:2:  base: D:6, evilmike_abyss_exit_chaos

Skill      XL: |  1  2  3  4  5  6  7  8  9 10 |
---------------+-------------------------------+-----
Dodging        | 3 5 6 |  6.5
Long Blades    | 3 5 6 7 |  7.1
Stealth        | 1 5 6 |  6.6
Throwing       | 1 5 |  5.9
Fighting       | 5 6 7 |  7.0
Short Blades   | 3 4 5 |  5.4
Shields        | 5 6 |  6.7
Evocations     | 1 2 3 4 |  4.5
Invocations    | 1 2 4 |  4.5

Action                   |  1- 3 |  4- 6 |  7- 9 | 10-12 || total
-------------------------+-------+-------+-------+-------++-------
Melee: Long sword        |    99 |    29 |   280 |   248 ||   656
       Tailslap          |    10 |    19 |   100 |    62 ||   191
       Dagger            |       |   163 |   309 |   120 ||   592
Throw: Stone             |     2 |    30 |    34 |    43 ||   109
       Boomerang         |       |       |     1 |    22 ||    23
       Dart              |       |       |       |    15 ||    15
Invok: Heroism           |       |       |     2 |     3 ||     5
 Abil: Breathe Frost     |       |       |     3 |    17 ||    20
Evoke: Wand              |       |       |     2 |     4 ||     6
  Use: Scroll            |     1 |       |     3 |     1 ||     5
       Potion            |       |     1 |     3 |     1 ||     5
 Stab: Sleeping          |     1 |     3 |     7 |     3 ||    14
       Paralysed         |       |       |    14 |       ||    14
Armor: Skin              |    28 |    55 |   174 |   111 ||   368
Dodge: Dodged            |    80 |    96 |   288 |   225 ||   689
Block: Buckler           |    26 |    31 |   120 |   100 ||   277
